 Dungeon Crawl Stone Soup version 0.29.0-15-g675c0067aa (webtiles) character file.

Game seed: 654996818089448249

384 qw the Chopper (level 6, -13/52 HPs)
             Began as a Minotaur Berserker on Sept 11, 2022.
             Was a Believer of Trog.
             Engulfed by a cloud of flame (21 damage)
             ... on level 4 of the Dungeon.
             The game lasted 00:01:17 (4347 turns).

qw the Chopper (Minotaur Berserker)                 Turns: 4347, Time: 00:01:18

Health: -13/52     AC: 12    Str: 23    XL:     6   Next: 47%
Magic:  5/5        EV:  7    Int:  4    God:    Trog [**....]
Gold:   70         SH:  0    Dex: 16    Spells: 5/5 levels left

rFire   . . .      SeeInvis .   Y - +1 hand axe (elec)
rCold   . . .      Faith    .   (no shield)
rNeg    . . .      Spirit   .   j - +0 plate armour
rPois   .          Reflect  .   (helmet restricted)
rElec   .          Harm     .   (no cloak)
rCorr   .          Rampage  .   (no gloves)
Will    .....                   (no boots)
Stlth   ..........              (no amulet)
HPRegen 0.17/turn               f - +6 ring of dexterity
MPRegen 0.09/turn               (no ring)

@: no status effects
A: horns 2, retaliatory headbutt
a: Renounce Religion, Berserk, Trog's Hand


You were on level 4 of the Dungeon.
You worshipped Trog.
Trog was pleased with you.
You visited 1 branch of the dungeon, and saw 4 of its levels.

You collected 142 gold pieces.
You spent 72 gold pieces at shops.


Innate Abilities, Weirdness & Mutations

You have a pair of horns on your head.
You reflexively headbutt those who attack you in melee.


   Skills:
 - Level 4.0 Fighting
 + Level 7.5 Axes
 - Level 4.9 Armour
 - Level 2.1 Dodging


You had 5 spell levels left.
You didn't know any spells.
Your spell library was empty.

Inventory:

Hand Weapons
 b - a +0 flail
 Y - a +1 hand axe of electrocution (weapon)
Armour
 j - a +0 plate armour (worn)
Jewellery
 f - a +6 ring of dexterity (left hand)
Potions
 a - a potion of lignification {unknown}
 c - a potion of might
 d - a potion of haste {unknown}
 e - a potion of magic {unknown}
 g - 3 potions of curing
 h - a potion of berserk rage {unknown}
 k - a potion of brilliance {unknown}
 l - a potion of mutation {unknown}
 m - a potion of attraction {unknown}
 n - a potion of degeneration {unknown}

Dungeon Overview and Level Annotations

Branches:
Dungeon (4/15)             Temple (0/1) D:4

Altars:
Yredelemnul

Shops:
D:3 [   D:4 !:[=


Message History

You feel invigorated.
You start waiting.
You feel less invigorated.
You feel less confused.
You feel a little less mighty now.
Done waiting.
You're in a travel-excluded area, stopping explore.
4322 ||| DROPPING potion of ambrosia.
You drop a potion of ambrosia.
You're in a travel-excluded area, stopping explore.
(D) Dungeon (T) Temple
Where to? (* - list waypoints, Enter - D:4, ? - help)
What level of the Dungeon? (default 1, ? - help) You're in a travel-excluded area, stopping travel.
You're in a travel-excluded area, stopping explore.
4323 ||| Stepping randomly (stuck).
Really walk into a travel-excluded area?
You're in a travel-excluded area, stopping explore.
(D) Dungeon (T) Temple
Where to? (* - list waypoints, Enter - D:5, ? - help)
What level of the Dungeon? (default 1, ? - help) You're in a travel-excluded area, stopping travel.
You're in a travel-excluded area, stopping explore.
4324 ||| Stepping randomly (stuck).
Really walk into a travel-excluded area?
You're in a travel-excluded area, stopping explore.
(D) Dungeon (T) Temple
Where to? (* - list waypoints, Enter - D:5, ? - help)
What level of the Dungeon? (default 1, ? - help) You're in a travel-excluded area, stopping travel.
You're in a travel-excluded area, stopping explore.
4325 ||| Stepping randomly (stuck).
Really walk into that cloud of flame?
You are engulfed in blazing flames.
You start resting.
You are engulfed in blazing flames.
You're standing in a cloud of flame!
You are engulfed in blazing flames.
You start resting.
You are engulfed in blazing flames.
You die...

##.# #.##...# #(# ...#
#.##...# #.# #..#
#.##...# #.# #..#
#.###.## #.#
#..###.###.## #.#
#..##...#...# #.#
....###################
#####.................#
###...........@...0.#
#.#00.....0..ยค......#
#.#00....0..........#
#.#..........!......#
#.#.................#
#.8.................#
###..................>#
....8.................#
###.#.................#


There were no monsters in sight!

Vanquished Creatures
  Sigmund (D:4)
  A phantom (D:4)
  An iguana (D:4)
  4 gnolls (D:3)
  An adder (D:2)
  2 worms
  A dart slug (D:1)
  An orc (D:3)
  7 endoplasms
  3 giant cockroaches
  6 hobgoblins
  2 jackals (D:1)
  3 quokkas
  7 ball pythons
  13 bats
  3 frilled lizards
  5 goblins
  5 kobolds
  9 rats
75 creatures vanquished.

Vanquished Creatures (others)
  An adder (D:4)
1 creature vanquished.

Grand Total: 76 creatures vanquished

Notes
Turn   | Place    | Note
-------+----------+-------------------------------------------
     0 | D:1      | qw the Minotaur Berserker began the quest for the Orb.
     0 | D:1      | Reached XP level 1. HP: 19/19 MP: 0/0
     0 | D:1      | 0 ||| qw: Version: 0.1-a-119-g272c26d
     0 | D:1      | 0 ||| qw: Game counter: 10663
     0 | D:1      | 0 ||| qw: Always use a shield: true
     0 | D:1      | 0 ||| qw: Do Orc after D:15 true
     0 | D:1      | 0 ||| qw: Do second Lair branch before Depths: true
     0 | D:1      | 0 ||| qw: Lair rune preference: random
     0 | D:1      | 0 ||| qw: Plans: Normal
     0 | D:1      | 0 ||| PLANNING D:1-11
   100 | D:1      | Found a faded altar of an unknown god.
   207 | D:1      | Reached skill level 4 in Axes
   208 | D:1      | 208 ||| INVOKING Berserk.
   215 | D:1      | Reached XP level 2. HP: 16/26 MP: 1/1
   964 | D:1      | Reached skill level 5 in Axes
  1230 | D:1      | Reached XP level 3. HP: 31/31 MP: 2/2
  1382 | D:1      | 1382 ||| UPGRADING to +0 chain mail.
  1392 | D:1      | 1392 ||| DROPPING +0 animal skin.
  1393 | D:1      | 1393 ||| READING scroll labelled JEXITT SYTE.
  1394 | D:1      | 1394 ||| READING scroll labelled VUWANKYXKO.
  1480 | D:2      | 1480 ||| Stepping ~*~*~tactically~*~*~ (stealth).
  1580 | D:2      | Reached ** piety under Trog
  1707 | D:2      | 1707 ||| INVOKING Berserk.
  2234 | D:2      | 2234 ||| READING scroll labelled VULOJI NUHEWEIMAO.
  2235 | D:2      | 2235 ||| READING 2 scrolls labelled ILIOLUAGO.
  2236 | D:2      | 2236 ||| READING scroll labelled JAUCAILUEV.
  2237 | D:2      | 2237 ||| DRINKING 2 dark potions.
  2238 | D:2      | 2238 ||| DROPPING scroll of magic mapping.
  2239 | D:2      | 2239 ||| DROPPING potion of flight.
  2240 | D:2      | 2240 ||| Stepping randomly (stuck).
  2241 | D:2      | 2241 ||| Stepping ~*~*~tactically~*~*~ (cloud).
  2540 | D:3      | Reached XP level 4. HP: 39/39 MP: 3/3
  2562 | D:3      | Reached skill level 6 in Axes
  2616 | D:3      | Found Guisox's Antique Armour Boutique.
  2621 | D:3      | 2621 ||| SHOPLISTING glowing ring mail (182 gold, have 98).
  2621 | D:3      | 2621 ||| SHOPLISTING runed plate armour (676 gold, have
                  | 98).
  2905 | D:3      | 2905 ||| Stepping ~*~*~tactically~*~*~ (stealth).
  2934 | D:3      | 2934 ||| Stepping ~*~*~tactically~*~*~ (stealth).
  2939 | D:3      | 2939 ||| INVOKING Berserk.
  3080 | D:3      | 3080 ||| DROPPING +0 whip of draining.
  3081 | D:3      | 3081 ||| DROPPING +0 whip.
  3175 | D:3      | 3175 ||| UPGRADING to +0 plate armour.
  3185 | D:3      | 3185 ||| DROPPING +0 chain mail.
  3186 | D:3      | 3186 ||| READING scroll labelled ENITASORU.
  3203 | D:4      | Found Paps's Antique Armour Boutique.
  3276 | D:4      | Noticed a phantom
  3277 | D:4      | 3277 ||| Stepping ~*~*~tactically~*~*~ (stealth).
  3278 | D:4      | 3278 ||| Stepping ~*~*~tactically~*~*~ (stealth).
  3279 | D:4      | 3279 ||| SHOPLISTING embroidered hat (161 gold, have 98).
  3279 | D:4      | 3279 ||| SHOPLISTING pair of runed boots (172 gold, have
                  | 98).
  3279 | D:4      | 3279 ||| SHOPLISTING runed cloak (172 gold, have 98).
  3279 | D:4      | 3279 ||| SHOPLISTING warped plate armour (644 gold, have
                  | 98).
  3286 | D:4      | 3286 ||| Stepping ~*~*~tactically~*~*~ (stealth).
  3287 | D:4      | 3287 ||| Stepping ~*~*~tactically~*~*~ (stealth).
  3295 | D:4      | Killed a phantom
  3296 | D:4      | Reached skill level 7 in Axes
  3296 | D:4      | Reached XP level 5. HP: 42/45 MP: 4/4
  3378 | D:4      | Found Mibreokk's Distillery.
  3386 | D:4      | 3386 ||| BUYING 2 potions of curing (72 gold).
  3386 | D:4      | Bought 2 potions of curing for 72 gold pieces
  3386 | D:4      | 3386 ||| SHOPLISTING potion of cancellation (96 gold, have
                  | 26).
  3386 | D:4      | 3386 ||| SHOPLISTING potion of curing (36 gold, have 26).
  3386 | D:4      | 3386 ||| SHOPLISTING potion of haste (120 gold, have 26).
  3386 | D:4      | 3386 ||| SHOPLISTING potion of mutation (96 gold, have 26).
  3416 | D:4      | 3416 ||| Stepping ~*~*~tactically~*~*~ (stealth).
  3427 | D:4      | Noticed Sigmund
  3431 | D:4      | 3431 ||| INVOKING Berserk.
  3440 | D:4      | Killed Sigmund
  3441 | D:4      | Reached XP level 6. HP: 51/51 MP: 5/5
  3561 | D:4      | Found a basalt altar of Yredelemnul.
  3610 | D:4      | 3610 ||| Stepping ~*~*~tactically~*~*~ (stealth).
  3705 | D:4      | Found Idodej's Book Shop.
  3786 | D:4      | Found a staircase to the Ecumenical Temple.
  4002 | D:4      | Found Ydduf's Jewellery Emporium.
  4009 | D:4      | 4009 ||| SHOPLISTING +6 ring of dexterity (432 gold, have
                  | 70).
  4009 | D:4      | 4009 ||| SHOPLISTING amulet of guardian spirit (360 gold,
                  | have 70).
  4218 | D:4      | 4218 ||| UPGRADING to +6 ring of dexterity.
  4219 | D:4      | 4219 ||| READING scroll labelled DETAD BULAI.
  4220 | D:4      | 4220 ||| DRINKING 2 metallic clear potions.
  4221 | D:4      | 4221 ||| DRINKING 2 gluggy clear potions.
  4322 | D:4      | 4322 ||| DROPPING potion of ambrosia.
  4323 | D:4      | 4323 ||| Stepping randomly (stuck).
  4324 | D:4      | 4324 ||| Stepping randomly (stuck).
  4325 | D:4      | 4325 ||| Stepping randomly (stuck).
  4345 | D:4      | HP: 7/52 [something (13)]
  4347 | D:4      | Engulfed by a cloud of flame

Levels and vault maps discovered:
D:1:      lemuel_arrival_tunnels, layout_loops_corners,
          ebering_ecumenical_altar_sacrificial, minmay_misc_feat_rows
D:2:      layout_loops_ring
D:3:      layout_basic, serial_shops, nicolae_square_shop
D:4:      layout_loops_ring, yredelemnul_altar_generic,
          lemuel_temple_firewalk_b, serial_shops, shop,
          nicolae_shop_hallway_stairs, nicolae_shop_trees, shop, uniq_sigmund

Skill      XL: |  1  2  3  4  5  6 |
---------------+-------------------+-----
Axes           | 4 5 7 |  7.5
Armour         | 4 |  4.9
Fighting       | 4 |  4.0
Dodging        | |  2.1

Action                   |  1- 3 |  4- 6 || total
-------------------------+-------+-------++-------
Melee: Hand axe          |   111 |    60 ||   171
       Headbutt          |     9 |    13 ||    22
Invok: Berserk           |     2 |     2 ||     4
  Use: Scroll            |     5 |     2 ||     7
       Potion            |     1 |     2 ||     3
Armor: Animal skin       |    18 |       ||    18
       Chain mail        |    37 |    15 ||    52
       Plate armour      |       |    12 ||    12
Dodge: Dodged            |    47 |    13 ||    60

Table legend:
 A = Non-vault XP
 B = Vault XP
 C = Vault XP percentage of total XP
 D = Non-vault monster count
 E = Vault monster count
 F = Vault count percentage of total count
                 A         B        C        D         E       F
            +---------+---------+-------+---------+---------+-------
      Total |     323 |     226 |  41.2 |      74 |       1 |   1.3
            +---------+---------+-------+---------+---------+-------
        D:1 |      42 |       0 |   0.0 |      26 |       0 |   0.0
        D:2 |      48 |       0 |   0.0 |      22 |       0 |   0.0
        D:3 |      82 |       0 |   0.0 |      21 |       0 |   0.0
        D:4 |     151 |     226 |  59.9 |       5 |       1 |  16.7
            +---------+---------+-------+---------+---------+-------
